 Dungeon Sprint DCSS version 0.24-a0-434-gd57e52fea8 (webtiles) character file.

Game seed: 3539044832781444306

264020 Groucho the Imperceptible (level 11, 58/58 HPs)
             Began as a Felid Berserker on June 14, 2019.
             Was a High Priest of Trog.
             Escaped with the Orb!
             The game lasted 00:26:41 (5092 turns).

Groucho the Imperceptible (Felid Berserker)         Turns: 5092, Time: 00:26:42

Health: 58/58      AC:  2    Str: 13    XL:     11   Next: 30%
Magic:  16/16      EV: 33    Int: 10    God:    Trog [*****.]
Gold:   2008       SH:  0    Dex: 18    Spells: 16/16 levels left
                                        Lives:  1   Deaths: 2

rFire    + . .     SeeInvis +     - Unarmed
rCold    x . .     Gourm    .   (shield unavailable)
rNeg     . . .     Faith    .   (armour unavailable)
rPois    .         Spirit   +   (helmet unavailable)
rElec    .         Reflect  .   (cloak unavailable)
rCorr    .         Harm     .   (gloves unavailable)
MR       +....     NoTele   +   (boots unavailable)
Stlth    +++.......             g - amulet of guardian spirit
HPRegen  0.19/turn              i - ring of flight
MPRegen  0.15/turn              o - ring of fire

@: flying (expiring), quick
A: very small, no armour, no weapons or thrown items, stealth, claws 1, fangs 3,
see invisible, carnivore, speed 1, shaggy fur 2, slow metabolism 1, sharp paws
0: Orb of Zot
a: Berserk, Trog's Hand, Brothers in Arms, Renounce Religion, Stop Flying


You escaped.
You worshipped Trog.
Trog was extremely pleased with you.
You were completely stuffed.

You visited 1 branch You collected 3383 gold pieces.
You spent 1375 gold pieces at shops.

Inventory:

Jewellery
 g - an amulet of guardian spirit (around neck)
 i - a ring of flight (left paw)
 j - a +4 ring of strength
 m - an uncursed ring of poison resistance
 o - a ring of fire (right paw)
Wands
 h - a wand of polymorph (9)
 p - a wand of random effects (15)
 s - a wand of iceblast (10)
Scrolls
 a - a scroll of remove curse {unknown}
 l - 2 scrolls of identify
 n - a scroll of fear {unknown}
 t - 2 scrolls of amnesia {unknown}
 w - a scroll of enchant weapon {unknown}
Potions
 b - 5 potions of curing
 d - a potion of haste
 e - 2 potions of magic
 f - a potion of berserk rage
 k - a potion of agility
 r - a potion of lignification {unknown}
 u - a potion of heal wounds
 v - a potion of might
 x - a potion of mutation {unknown}
Comestibles
 q - 3 rations


   Skills:
 + Level 13.3 Fighting
 + Level 16.6 Dodging
 + Level 23.8 Stealth
 + Level 17.4 Unarmed Combat
 + Level 3.2 Spellcasting


You had 16 spell levels left.
You didn't know any spells.
Your spell library was empty.

Dungeon Overview and Level Annotations

Branches:
Dungeon (1/1)

Altars:
Cheibriados
Dithmenos
Elyvilon
Fedhas
Gozag
Hepliaklqana
Kikubaaqudgha
Makhleb
Nemelex Xobeh
Okawaru
Qazlal
Ru
Sif Muna
Trog
Uskayaw
Vehumet
Wu Jian
Xom
Yredelemnul
Zin
The Shining One
Jiyva
Lugonu

Shops:
D %}*([!=!=:=%:=}[%(

Annotations:
D Tiamat


Innate Abilities, Weirdness & Mutations

You cannot wear armour.
You are incapable of wielding weapons or throwing items.
Your paws allow you to move quietly. (Stealth)
You have sharp claws.
You have razor-sharp teeth.
You have supernaturally acute eyesight. (SInv)
You are carnivorous and can eat meat at any time.
You cover ground quickly.
You are covered in thick fur. (AC +2)
You have a slow metabolism.
Your sharp claws are effective at attacking unaware monsters.


Message History

Things that are here:
a +0 dagger; a +0 robe
Things that are here:
a +0 dagger; a +0 robe You feel yourself slow down.
There is an open door here.
There is a corrupted altar of Lugonu here.
HP restored.
There is a viscous altar of Jiyva here.
There is an open door here.
There is an open door here.
There is an open door here.
You see here a cursed -1 giant club.
There is an open door, spattered with blood here.
You are starting to lose your buoyancy.
Things that are here:
a +8 club; a +3 chain mail
There is an open door here.
There is a staircase leading out of the dungeon here.
You have escaped!

##################
#@.#..').#.)'..#__
#..').#..'..#..'^.
#..#####+#####'#__
#..####..#...#.###
#..#__####..##.#≈§
#..#_____##'#_.'≈≈
#⌠⌠#_.∩...'..._#§§
#..._..__##_.#'##§
#..#_____###'#.#((


There were no monsters in sight!

Vanquished Creatures
  A lorocyproca (D)
  2 centaur warriors (D)
  Sonja (D)
  7 unseen horrors (D)
  A deep troll (D)
  A lindwurm (D)
  An oklob plant (D)
  A gargoyle (D)
  A kobold demonologist (D)
  A demonic crawler (D)
  A meliai (D)
  A hornet (D)
  A slime creature (D)
  2 redbacks (D)
  Sigmund (D)
  A yak (D)
  13 hogs (D)
  2 floating eyes (D)
  7 necrophages (D)
  An ogre (D)
  8 jellies (D)
  Ijyb (D)
  A ballistomycete (D)
57 creatures vanquished.

Vanquished Creatures (collateral kills)
  A golden dragon (D)
  A shadow dragon (D)
  A daeva (D)
  4 fire giants (D)
  A hydra (D)
  A kobold demonologist (D)
  3 demonic crawlers (D)
  A floating eye (D)
  A ballistomycete spore (D)
14 creatures vanquished.

Vanquished Creatures (others)
  A gargoyle (D)
  A ballistomycete spore (D)
2 creatures vanquished.

Grand Total: 73 creatures vanquished

Notes
Turn   | Place    | Note
-------+----------+-------------------------------------------
     0 | D        | Groucho the Felid Berserker began the quest for the Orb.
     0 | D        | Reached XP level 1. HP: 10/10 MP: 2/2
     2 | D        | Noticed Ijyb
     7 | D        | Killed Ijyb
     7 | D        | Reached skill level 8 in Stealth
     7 | D        | Reached XP level 2. HP: 14/14 MP: 3/3
    61 | D        | Noticed an ogre
    66 | D        | Killed an ogre
    66 | D        | Reached skill level 12 in Stealth
    66 | D        | Reached XP level 3. HP: 9/17 MP: 4/4
    66 | D        | Reached XP level 4. HP: 11/21 MP: 5/5
   367 | D        | Noticed Sigmund
   369 | D        | Killed Sigmund
   369 | D        | Reached ** piety under Trog
   369 | D        | Reached skill level 16 in Stealth
   369 | D        | Reached XP level 5. HP: 24/24 MP: 6/6
   381 | D        | Found a deep blue altar of Sif Muna.
   382 | D        | Found an ornate altar of the Wu Jian Council.
   383 | D        | Found a radiant altar of Vehumet.
   387 | D        | Gained mutation: You are covered in thick fur. (AC +2)
                  | [Felid growth]
   387 | D        | Reached XP level 6. HP: 28/28 MP: 7/7
   422 | D        | Found Cuxuc's Gadget Emporium.
   422 | D        | Found an ancient bone altar of Kikubaaqudgha.
   422 | D        | Found a hazy altar of Hepliaklqana.
   422 | D        | Found a stormy altar of Qazlal.
   422 | D        | Found a hide-covered altar of Uskayaw.
   422 | D        | Found a blossoming altar of Fedhas.
   422 | D        | Found a bloodstained altar of Trog.
   422 | D        | Found an iron altar of Okawaru.
   422 | D        | Found a basalt altar of Yredelemnul.
   422 | D        | Found a glowing golden altar of the Shining One.
   422 | D        | Found a snail-covered altar of Cheibriados.
   422 | D        | Found a sacrificial altar of Ru.
   422 | D        | Found a glowing silver altar of Zin.
   422 | D        | Found a shadowy altar of Dithmenos.
   422 | D        | Found a white marble altar of Elyvilon.
   422 | D        | Noticed a yak
   446 | D        | Killed a yak
   446 | D        | Reached skill level 18 in Stealth
   627 | D        | Found an opulent altar of Gozag.
   628 | D        | Found a sparkling altar of Nemelex Xobeh.
   640 | D        | Noticed a centaur warrior
   642 | D        | Noticed a centaur warrior
   643 | D        | Killed a centaur warrior
   643 | D        | Reached *** piety under Trog
   643 | D        | Reached skill level 5 in Fighting
   643 | D        | Reached skill level 19 in Stealth
   643 | D        | Reached XP level 7. HP: 33/33 MP: 8/8
   643 | D        | Reached XP level 8. HP: 37/37 MP: 9/9
   645 | D        | Killed a centaur warrior
   777 | D        | Noticed a hornet
   780 | D        | Killed a hornet
   791 | D        | Noticed an oklob plant
   793 | D        | Killed an oklob plant
   793 | D        | Reached skill level 20 in Stealth
   793 | D        | Reached skill level 10 in Unarmed Combat
   793 | D        | Reached XP level 9. HP: 43/43 MP: 10/10
   800 | D        | Reached **** piety under Trog
   800 | D        | Reached skill level 10 in Dodging
   831 | D        | Noticed an unseen horror
   995 | D        | Killed a gargoyle
  1025 | D        | Noticed an unseen horror
  1042 | D        | Killed an unseen horror
  1189 | D        | Killed an unseen horror
  1194 | D        | Reached ***** piety under Trog
  1208 | D        | Reached XP level 10. HP: 49/49 MP: 11/11
  1679 | D        | Reached skill level 21 in Stealth
  1682 | D        | Reached ****** piety under Trog
  1703 | D        | Found Ipiash's Weapon Shoppe.
  1703 | D        | Found Alil's Assorted Antiques.
  1703 | D        | Found Varyucra's Antique Armour Boutique.
  1705 | D        | Found Dackati's Distillery.
  1705 | D        | Found Vegu's Jewellery Shop.
  1705 | D        | Found Udubbe Lukly's Distillery.
  1705 | D        | Found Iwarphel's Jewellery Boutique.
  1705 | D        | Found Huymiar's Book Emporium.
  1705 | D        | Found Osufraox's Jewellery Shop.
  1705 | D        | Found Wonigh's Food Shoppe.
  1709 | D        | Found Oskunome's Book Boutique.
  1710 | D        | Found Ynod's Gadget Emporium.
  1710 | D        | Found Foar's Jewellery Boutique.
  1713 | D        | Found Kasienen's Food Emporium.
  1720 | D        | Bought a wand of digging (6) for 240 gold pieces
  1721 | D        | Bought an uncursed amulet of guardian spirit for 420 gold
                  | pieces
  1837 | D        | Bought a ration for 55 gold pieces
  2004 | D        | Noticed a deep troll
  2008 | D        | Killed a deep troll
  2014 | D        | Found Vavvarch's Armour Emporium.
  2048 | D        | Noticed Sonja
  2051 | D        | Killed Sonja
  2065 | D        | Found Lam Juky's Food Boutique.
  2130 | D        | Found a burning altar of Makhleb.
  2130 | D        | Found a shimmering altar of Xom.
  2131 | D        | Found a viscous altar of Jiyva.
  2131 | D        | Found a corrupted altar of Lugonu.
  2136 | D        | Reached skill level 10 in Fighting
  2193 | D        | Paralysed by a floating eye for 2 turns
  2202 | D        | Paralysed by a floating eye for 2 turns
  2243 | D        | HP: 1/51 [demonic crawler (2)]
  2244 | D        | Slain by a demonic crawler
  2245 | D        | Reached XP level 9. HP: -4/46 MP: 0/10
  2273 | D        | Killed a demonic crawler
  2283 | D        | Killed a demonic crawler
  2813 | D        | Bought an uncursed ring of poison resistance for 280 gold
                  | pieces
  2919 | D        | Noticed a gargoyle
  2925 | D        | Killed a gargoyle
  2925 | D        | Reached XP level 10. HP: 51/51 MP: 11/11
  3174 | D        | Noticed a lorocyproca
  3190 | D        | Killed a lorocyproca
  3469 | D        | Reached skill level 22 in Stealth
  3519 | D        | Noticed a lindwurm
  3521 | D        | Killed a lindwurm
  3558 | D        | Reached skill level 15 in Unarmed Combat
  3822 | D        | Noticed a 12-headed hydra
  3829 | D        | Killed a 12-headed hydra
  4163 | D        | Bought an uncursed ring of fire for 250 gold pieces
  4282 | D        | Noticed a shadow dragon
  4285 | D        | Noticed a golden dragon
  4319 | D        | Killed a golden dragon
  4319 | D        | Reached XP level 11. HP: 36/57 MP: 6/12
  4324 | D        | Killed a shadow dragon
  4324 | D        | Reached skill level 15 in Dodging
  4402 | D        | Found Sadaz's Weapon Shoppe.
  4467 | D        | Noticed a daeva
  4471 | D        | Noticed an unseen horror
  4471 | D        | Noticed an unseen horror
  4471 | D        | Noticed an unseen horror
  4471 | D        | Noticed an unseen horror
  4473 | D        | Killed an unseen horror
  4474 | D        | Noticed an unseen horror
  4480 | D        | Killed an unseen horror
  4480 | D        | Reached skill level 23 in Stealth
  4483 | D        | Killed an unseen horror
  4488 | D        | Killed an unseen horror
  4490 | D        | Killed an unseen horror
  4698 | D        | Slain by a daeva
  4699 | D        | Reached XP level 10. HP: -1/81 MP: 0/11
  4708 | D        | Killed a daeva
  4868 | D        | Bought a potion of agility for 40 gold pieces
  4868 | D        | Bought a potion of heal wounds for 50 gold pieces
  4868 | D        | Bought a potion of might for 40 gold pieces
  4927 | D        | Noticed a fire giant
  4934 | D        | Noticed a fire giant
  4935 | D        | Noticed a fire giant
  4936 | D        | Noticed a fire giant
  4943 | D        | Killed a fire giant
  4943 | D        | Reached skill level 1 in Spellcasting
  4943 | D        | Reached XP level 11. HP: 58/58 MP: 11/13
  4945 | D        | Killed a fire giant
  4949 | D        | Killed a fire giant
  4954 | D        | Killed a fire giant
  5010 | D        | Identified the +4 dragonskin cloak
  5010 | D        | Noticed Tiamat
  5022 | D        | Got the Orb of Zot
  5092 | D        | Escaped with the Orb!

Levels and vault maps discovered:
D:        dungeon_sprint_1 [red_sonja_temple_1, red_sonja_temple_small_1]

Skill      XL: |  1  2  3  4  5  6  7  8  9 10 11 |
---------------+----------------------------------+-----
Stealth        | 8 12 16 19 20 22 23 | 23.8
Fighting       | 5 7 9 13 12 | 13.3
Dodging        | 7 9 11 16 15 | 16.6
Unarmed Combat | 7 10 14 17 16 | 17.4
Spellcasting   | 1 3 |  3.2

Action                   |  1- 3 |  4- 6 |  7- 9 | 10-12 || total
-------------------------+-------+-------+-------+-------++-------
Melee: Unarmed           |     8 |    11 |    34 |   124 ||   177
       Bite              |     1 |     2 |     5 |    20 ||    28
       Punch             |       |       |     3 |     9 ||    12
Invok: Berserk           |     2 |     1 |     5 |    10 ||    18
       Trog's Hand       |       |     1 |     1 |     4 ||     6
       Brothers in Arms  |       |       |     2 |    11 ||    13
 Abil: Evoke Flight      |       |       |       |     1 ||     1
Evoke: Wand              |       |       |     1 |     5 ||     6
  Use: Scroll            |       |     1 |     1 |     1 ||     3
       Potion            |       |       |     1 |     3 ||     4
 Stab: Sleeping          |       |     3 |     9 |     7 ||    19
       Distracted        |       |       |       |     1 ||     1
  Eat: Chunk             |       |     3 |     2 |    18 ||    23
       Ration            |       |       |       |     5 ||     5
Dodge: Dodged            |     2 |     4 |    54 |   196 ||   256

Table legend:
 A = Non-vault XP
 B = Vault XP
 C = Vault XP percentage of total XP
 D = Non-vault monster count
 E = Vault monster count
 F = Vault count percentage of total count
                 A         B        C        D         E       F
            +---------+---------+-------+---------+---------+-------
      Total |       0 |   27574 | 100.0 |       0 |      69 | 100.0
            +---------+---------+-------+---------+---------+-------
          D |       0 |   27574 | 100.0 |       0 |      69 | 100.0
            +---------+---------+-------+---------+---------+-------
